Map: Catalyst LE

Players

FeaR

  • Race: Protoss Protoss
  • League: Master
  • Spawn Location: 5:00

PtitDrogo - Winner!

  • Race: Protoss Protoss
  • Spawn Location: 11:00

Event: HomeStory Cup XVII

VOD

Have the link to the VOD?

Description

Time

  • Played on: June 29, 2018, 6:23 a.m.
  • Length: 9:01

All games in this series

Show
View Real Time Build Order
Export as new Build Order

FeaR Protoss 

Build Orders: Phoenix Opening, Zealot Archon 

Get SALT Encoding   

  12  0:00  Probe  
  13  0:12  Probe  
  14  0:17  Pylon  
  14  0:24  Probe  
  15  0:32  Probe  
  15  0:40  Probe  
  15  0:41  Gateway  
  16  0:47  Assimilator  
  17  0:51  Probe  
  17  0:55  Assimilator  
  18  0:59  Probe  
  19  1:07  Probe  
  20  1:12  Gateway  
  20  1:17  Probe  
  21  1:28  Cybernetics Core  
  21  1:29  Probe  
  22  1:35  Pylon  
  22  1:41  Probe  
  23  1:54  Probe  
  24  2:05  Adept x2, Pylon  
  24  2:07  Warp Gate  
  28  2:09  Probe  
  30  2:28  Stargate  
  29  2:32  Adept x2  
  33  2:59  Adept x2  
  33  3:02  Pylon  
  33  3:04  Phoenix  
  39  3:21  Nexus  
  39  3:28  Phoenix  
  39  3:30  Probe  
  42  3:42  Probe  
  42  3:47  Phoenix  
  43  3:54  Probe  
  46  4:06  Probe  
  47  4:21  Probe  
  46  4:29  Pylon  
  46  4:33  Probe  
  46  4:37  Stalker  
  44  4:48  Robotics Facility  
  44  4:50  Phoenix  
  42  4:57  Stalker  
  43  5:00  Gateway  
  43  5:02  Gateway  
  43  5:05  Shield Battery x2  
  43  5:10  Sentry  
  43  5:13  Pylon  
  45  5:22  Phoenix, Probe  
  45  5:24  Immortal  
  48  5:35  Probe  
  48  5:38  Probe  
  53  5:47  Probe  
  54  5:52  Twilight Council  
  54  5:54  Probe  
  54  5:55  Immortal  
  55  5:59  Probe  
  60  6:06  Probe  
  60  6:11  Probe  
  62  6:13  Charge  
  62  6:16  Zealot x2  
  65  6:18  Probe  
  65  6:24  Probe  
  67  6:27  Immortal  
  67  6:30  Assimilator, Probe  
  68  6:33  Assimilator  
  68  6:39  Probe  
  73  6:42  Probe  
  74  6:51  Probe  
  75  6:56  Gateway  
  75  7:00  Gateway  
  75  7:01  Gateway  
  75  7:03  Probe  
  76  7:09  Templar Archives  
  76  7:11  Zealot  
  76  7:13  Pylon  
  76  7:15  Warp Prism  
  78  7:17  Pylon  
  78  7:32  Zealot x2  
  82  7:37  Zealot  
  82  7:38  Colossus, Zealot  
  86  7:54  High Templar x2  
  86  7:55  Zealot x2  
  94  7:58  Archon  
  94  8:01  Pylon  
  94  8:06  Pylon  
  94  8:08  Warp Prism  
  94  8:09  Pylon  
  94  8:21  High Templar  
  94  8:22  High Templar, Zealot x2  
  94  8:26  Archon  
  90  8:41  Zealot x3  
  84  8:48  Probe  
Show
View Real Time Build Order
Export as new Build Order

PtitDrogo Protoss - Winner!

Build Orders: Blink Stalkers, Zealot Archon 

Get SALT Encoding   

  12  0:00  Probe  
  13  0:13  Probe  
  14  0:17  Pylon  
  14  0:23  Probe  
  15  0:32  Probe  
  15  0:40  Gateway, Probe  
  16  0:46  Assimilator  
  17  0:51  Probe  
  17  0:55  Assimilator  
  18  0:59  Probe  
  19  1:07  Probe  
  19  1:16  Gateway  
  19  1:17  Probe  
  21  1:27  Cybernetics Core  
  21  1:30  Probe  
  22  1:34  Pylon  
  22  1:42  Probe  
  23  1:53  Warp Gate  
  23  1:54  Probe  
  24  2:03  Sentry, Stalker  
  28  2:13  Pylon  
  28  2:29  Stalker  
  30  2:33  Stalker  
  32  2:47  Nexus  
  32  2:52  Shield Battery  
  32  2:54  Probe  
  35  3:06  Sentry, Stalker  
  35  3:09  Probe  
  38  3:19  Pylon  
  38  3:21  Probe  
  39  3:31  Robotics Facility  
  39  3:41  Shield Battery  
  39  3:44  Probe  
  40  3:50  Twilight Council  
  39  3:56  Blink  
  39  3:58  Stalker  
  39  4:00  Stalker  
  43  4:03  Shield Battery  
  43  4:15  Probe  
  43  4:22  Probe  
  41  4:29  Stalker x2  
  41  4:31  Probe  
  46  4:34  Probe  
  44  4:46  Probe  
  44  4:47  Probe  
  46  4:56  Probe  
  46  4:58  Probe  
  48  5:04  Probe  
  48  5:11  Probe  
  48  5:12  Pylon  
  48  5:13  Probe  
  51  5:23  Probe  
  51  5:25  Probe  
  53  5:29  Adept x2  
  53  5:35  Probe  
  58  5:37  Probe  
  59  5:42  Forge  
  59  5:47  Probe  
  59  5:49  Probe, Robotics Facility  
  61  5:51  Protoss Ground Weapons Level 1  
  61  5:57  Pylon  
  61  5:59  Probe  
  61  6:01  Probe  
  61  6:11  Probe  
  61  6:13  Probe  
  61  6:16  Stalker x2  
  65  6:19  Charge  
  65  6:23  Gateway x2  
  65  6:27  Photon Cannon  
  65  6:33  Assimilator, Probe  
  65  6:35  Assimilator  
  65  6:36  Observer  
  67  6:41  Templar Archives  
  67  6:43  Probe  
  67  6:45  Probe  
  69  6:51  Gateway  
  69  6:55  Probe  
  69  6:56  Gateway  
  70  7:09  Nexus  
  70  7:11  Pylon  
  70  7:16  Gateway  
  70  7:18  Gateway  
  70  7:27  High Templar x2  
  70  7:28  Zealot  
  70  7:29  Zealot  
  78  7:31  Pylon  
  78  7:35  Pylon  
  78  7:47  Pylon x2  
  78  7:55  Zealot x3  
  78  7:56  Archon  
  84  8:00  High Templar  
  84  8:01  High Templar  
  84  8:02  Zealot  
  90  8:06  Archon  
  90  8:08  Pylon  
  86  8:21  Zealot x4  
  86  8:24  Probe x2  
  96  8:32  Zealot x3  
  94  8:38  Probe  
  81  8:46  Zealot x3  
Tags
 
Add a new tag
Caveats
  • Supply blocks, unpowered buildings, or Contaminate may cause inaccurate times.
  • Supply counts are checked every 10 seconds.